 Dungeon Crawl Stone Soup version 0.23.2-30-g0e89c35 (webtiles) character file.

Game seed: 1262006559232173970

4580 Crabhammer the Covert (level 10, -4/53 HPs)
             Began as a Vine Stalker Enchanter on June 8, 2019.
             Was a Follower of Dithmenos.
             Killed from afar by Erica (16 damage)
             ... with an orb of energy
             ... on level 9 of the Dungeon.
             The game lasted 00:35:51 (8111 turns).

Crabhammer the Covert (Vine Stalker Enchanter)      Turns: 8111, Time: 00:35:51

Health: -4/53      AC:  9    Str: 10    XL:     10   Next: 41%
Magic:  0/20       EV: 12    Int: 18    God:    Dithmenos [*.....]
Gold:   423        SH:  0    Dex: 16    Spells: 6/22 levels left

rFire    . . .     SeeInvis .   a - +2 dagger (elec)
rCold    . . .     Gourm    .   (no shield)
rNeg     + . .     Faith    .   u - +2 robe of Immaf {Slay+5}
rPois    .         Spirit   +   B - +1 helmet
rElec    .         Reflect  .   x - +0 cloak
rCorr    .         Harm     .   (no gloves)
MR       +....                  z - +1 pair of boots
Stlth    +++++.....             (no amulet)
HPRegen  0.57/turn              A - ring of positive energy
MPRegen  0.17/turn              (no ring)

@: lethally poisoned (-4 -> -4), wreathed by umbra
A: fangs 3, regeneration 1, magic shield, antimagic bite, no potion heal 3, rot
immunity
a: Renounce Religion


You were on level 9 of the Dungeon.
You worshipped Dithmenos.
Dithmenos was aware of your devotion.
You were not hungry.

You visited 2 branches of the dungeon, and saw 10 of its levels.

You collected 423 gold pieces.

Inventory:

Hand Weapons
 a - a +2 dagger of electrocution (weapon)
 b - a +0 dagger of venom
 r - a +0 dagger of speed
Armour
 u - the +2 robe of Immaf (worn) {Slay+5}
   (You found it on level 7 of the Dungeon)

   It affects your accuracy and damage with ranged weapons and melee attacks
   (+5).
 x - a +0 cloak (worn)
 z - a +1 pair of boots (worn)
 B - a +1 helmet (worn)
Jewellery
 A - a ring of positive energy (left hand)
Wands
 m - a wand of iceblast (6)
 n - a wand of acid (8)
 y - a wand of digging (7)
 C - a wand of random effects (24)
Scrolls
 c - 4 scrolls of amnesia
 f - a scroll of magic mapping
 h - 3 scrolls of teleportation
 j - 3 scrolls of fear
 k - 3 scrolls of remove curse
 l - a scroll of blinking
 p - 8 scrolls of identify
 v - a scroll of enchant armour
Potions
 e - 3 potions of brilliance {unknown}
 g - 2 potions of lignification {unknown}
 i - 2 potions of flight {unknown}
 o - a potion of haste {unknown}
 q - 2 potions of might {unknown}
 t - 3 potions of degeneration {unknown}
 w - a potion of ambrosia {unknown}
Comestibles
 d - 10 rations
 s - 9 chunks of flesh


   Skills:
 * Level 6.0 Fighting
 + Level 5.5 Short Blades
 - Level 1.5 Dodging
 + Level 10.2 Stealth
 + Level 6.5 Spellcasting
 + Level 0.1 Conjurations
 + Level 6.5 Hexes
 + Level 3.5 Ice Magic
 + Level 0.1 Poison Magic


You had 6 spell levels left.
You knew the following spells:

 Your Spells              Type           Power        Failure   Level  Hunger
a - Tukima's Dance        Hex            ####....     2%          3    ##.....
b - Ensorcelled Hibernat  Hex/Ice        ###...       2%          2    None
c - Confuse               Hex            ####....     2%          3    ##.....
d - Dazzling Spray        Conj/Hex       ###...       9%          3    ##.....
e - Blink                 Tloc           N/A          17%         2    None
f - Mephitic Cloud        Conj/Pois/Air  #.......     32%         3    ##.....

Your spell library contained the following spells:

 Spells                   Type           Power        Failure   Level  Hunger
 Corona                   Hex            ####...      1%          1    None
 Slow                     Hex            ####....     1%          2    None
 Magic Dart               Conj           #...         11%         1    None
 Call Imp                 Summ           #.......     17%         2    None
 Conjure Flame            Conj/Fire      #.......     32%         3    ##.....


Dungeon Overview and Level Annotations

Branches:
Dungeon (9/15)             Temple (1/1) D:7
   Lair: D:8-11         Orc: D:9-12

Altars:
Ashenzari
Cheibriados
Dithmenos
Elyvilon
Gozag
Hepliaklqana
Kikubaaqudgha
Makhleb
Nemelex Xobeh
Okawaru
Qazlal
Ru
Sif Muna
Trog
Uskayaw
Vehumet
Wu Jian
Xom
Yredelemnul
Zin
The Shining One

Shops:
D:5 *   D:7 :

Annotations:
D:9 Erica


Innate Abilities, Weirdness & Mutations

You have razor-sharp teeth.
Your natural rate of healing is unusually fast.
When hurt, damage is shared between your health and your magic reserves.
Your bite disrupts and absorbs the magic of your enemies.
Potions cannot restore your health.
You are immune to rotting.


Message History

A wight comes into view. It is wielding a +0 hand axe.
A quokka comes into view.
You feel sick.
You feel sick. The quokka barely misses you. The quokka closely misses you.
You feel sick.
The quokka bites you but does no damage.
The troll barely misses you. The troll claws you.
* * * LOW HITPOINT WARNING * * *
The troll closely misses you.
You feel sick. The quokka closely misses you.
You feel sick.
There is a stone staircase leading down here.
You feel sick.
You feel sick.
You hear some strange, mumbled words.
An orb of energy appears from out of thin air!
The orb of energy hits you!!
You die...

..^..)######...##.....#. . ##.#
....).# ###.....z..##z###.....
.†....# #.....###..##z.#.#..##
......# #.#.#.# #..###T#.#...###
......###.....# #..# #{#........
#.......#..#### #.## #..........
#.###......# ########z#..... #.#
###....#######....>r...y.....
#.#####.#..##...@...{T.......####
..)..........<##.##.####.#.......
#.####..............# ..........
#.#.......###...##### ..........
#.............### .....#....
#........###### #######(.#.
#.......## #... #......## ###.
#.....## ##


You could see a troll and a quokka.

Vanquished Creatures
  2 two-headed ogres (D:8)
  2 hippogriffs
  Edmund (D:4)
  An orc warrior (D:8)
  3 ice beasts
  A sky beast (D:9)
  2 ogres
  3 phantoms
  4 centaurs
  2 bullfrogs
  2 scorpions
  3 killer bees (D:9)
  6 howler monkeys
  A wight (D:9)
  4 crimson imps
  A bullfrog zombie (D:3)
  A centaur zombie (D:5)
  2 bullfrog skeletons
  2 jellies
  5 orc wizards
  Crazy Yiuf (D:5)
  2 orc priests
  A centaur skeleton (D:5)
  A hound (D:6)
  5 worker ants
  Robin (D:4)
  10 adders
  3 gnolls (D:9)
  A shadow imp (D:8)
  2 oozes
  A worm (D:4)
  4 dart slugs
  4 leopard geckos
  20 orcs
  8 bats
  5 giant cockroaches
  15 goblins
  8 hobgoblins
  2 jackals (D:1)
  5 quokkas
  A ball python (D:3)
  4 frilled lizards
  2 jackal skeletons
  4 kobolds
  A leopard gecko skeleton (D:4)
  A leopard gecko zombie (D:6)
  10 rats
170 creatures vanquished.

Vanquished Creatures (others)
  2 dancing weapons (D:8)
2 creatures vanquished.

Grand Total: 172 creatures vanquished

Notes
Turn   | Place    | Note
-------+----------+-------------------------------------------
     0 | D:1      | Crabhammer the Vine Stalker Enchanter began the quest for
                  | the Orb.
     0 | D:1      | Reached XP level 1. HP: 9/9 MP: 4/4
   451 | D:1      | Reached XP level 2. HP: 13/13 MP: 4/6
   714 | D:1      | Learned a level 2 spell: Ensorcelled Hibernation
   734 | D:1      | Reached skill level 1 in Short Blades
   995 | D:2      | Reached skill level 4 in Stealth
  1067 | D:2      | Reached XP level 3. HP: 8/17 MP: 4/7
  1508 | D:2      | Gained mutation: Your natural rate of healing is unusually
                  | fast. [Vine Stalker growth]
  1508 | D:2      | Reached XP level 4. HP: 21/21 MP: 4/9
  1513 | D:2      | Learned a level 3 spell: Confuse
  1811 | D:3      | Reached skill level 1 in Fighting
  1980 | D:3      | Reached XP level 5. HP: 25/25 MP: 7/10
  2873 | D:4      | Noticed Robin
  2915 | D:4      | Killed Robin
  2915 | D:4      | Reached skill level 5 in Stealth
  2952 | D:4      | Noticed a phantom
  3025 | D:4      | Killed a phantom
  3025 | D:4      | Reached XP level 6. HP: 24/30 MP: 9/12
  3184 | D:4      | Noticed a phantom
  3206 | D:4      | Killed a phantom
  3206 | D:4      | Reached skill level 1 in Ice Magic
  3270 | D:4      | Reached XP level 7. HP: 35/35 MP: 13/13
  3644 | D:5      | Entered Level 5 of the Dungeon
  3645 | D:5      | Noticed Edmund
  3698 | D:4      | Killed Edmund
  3698 | D:4      | Reached skill level 6 in Stealth
  3879 | D:5      | Found Uteozxoc's Assorted Antiques.
  3932 | D:5      | Gained mutation: You have razor-sharp teeth. [Vine Stalker
                  | growth]
  3932 | D:5      | Reached XP level 8. HP: 40/40 MP: 12/15
  3954 | D:5      | Found an ancient bone altar of Kikubaaqudgha.
  4014 | D:5      | Reached skill level 7 in Stealth
  4294 | D:5      | Found a snail-covered altar of Cheibriados.
  4637 | D:5      | Found a runed translucent door.
  4638 | D:5      | Noticed Crazy Yiuf
  4645 | D:5      | Killed Crazy Yiuf
  5551 | D:7      | Found a bloodstained altar of Trog.
  5551 | D:7      | Found a radiant altar of Vehumet.
  5551 | D:7      | Found a deep blue altar of Sif Muna.
  5612 | D:7      | Got a slimy robe
  5614 | D:7      | Identified the +2 robe of Immaf {Slay+5} (You found it on
                  | level 7 of the Dungeon)
  5680 | D:7      | Found a staircase to the Ecumenical Temple.
  5687 | Temple   | Entered the Ecumenical Temple
  5782 | Temple   | Became a worshipper of Dithmenos the Shadowed
  5944 | D:7      | Reached skill level 8 in Stealth
  5995 | D:7      | Found Qeups's Book Shop.
  6045 | D:7      | Learned a level 3 spell: Tukima's Dance
  6049 | D:7      | Learned a level 3 spell: Dazzling Spray
  6052 | D:7      | Learned a level 2 spell: Blink
  6056 | D:7      | Learned a level 3 spell: Mephitic Cloud
  6157 | D:7      | Found an ornate altar of the Wu Jian Council.
  6409 | D:7      | Noticed a hippogriff
  6415 | D:7      | Killed a hippogriff
  6415 | D:7      | Reached XP level 9. HP: 46/46 MP: 14/17
  6428 | D:7      | Found a white marble altar of Elyvilon.
  6523 | D:8      | Reached skill level 5 in Hexes
  6532 | D:8      | Reached skill level 5 in Spellcasting
  6543 | D:8      | Reached skill level 9 in Stealth
  6712 | D:8      | Noticed a two-headed ogre
  6816 | D:8      | Killed a two-headed ogre
  6816 | D:8      | Reached skill level 5 in Fighting
  6816 | D:8      | Reached skill level 5 in Short Blades
  7148 | D:8      | Reached skill level 10 in Stealth
  7182 | D:8      | Found an iron altar of Okawaru.
  7404 | D:8      | Noticed a two-headed ogre
  7502 | D:8      | Killed a two-headed ogre
  7502 | D:8      | Reached XP level 10. HP: 38/53 MP: 18/20
  7769 | D:9      | Reached * piety under Dithmenos
  7801 | D:9      | Noticed Erica
  8111 | D:9      | Killed from afar by Erica

Skill      XL: |  1  2  3  4  5  6  7  8  9 10 |
---------------+-------------------------------+-----
Short Blades   | 1 2 3 4 5 |  5.5
Stealth        | 4 5 6 8 10 | 10.2
Fighting       | 1 2 3 4 5 6 |  6.0
Spellcasting   | 3 4 6 |  6.5
Ice Magic      | 1 2 3 |  3.5
Hexes          | 4 6 |  6.5
Dodging        | |  1.5
Conjurations   | |  0.1
Poison Magic   | |  0.1

Action                   |  1- 3 |  4- 6 |  7- 9 | 10-12 || total
-------------------------+-------+-------+-------+-------++-------
Melee: Dagger            |    80 |   154 |   148 |    55 ||   437
       Bite              |    14 |    37 |    37 |     6 ||    94
 Cast: Corona            |    21 |    11 |       |       ||    32
       Ensorcelled Hiber |     3 |    12 |    30 |     4 ||    49
       Confuse           |       |       |    16 |     7 ||    23
       Tukima's Dance    |       |       |     5 |     2 ||     7
       Mephitic Cloud    |       |       |       |     1 ||     1
Evoke: Wand              |       |       |     1 |       ||     1
  Use: Scroll            |       |     8 |     5 |       ||    13
 Stab: Sleeping          |     8 |    15 |    32 |     2 ||    57
       Distracted        |       |     2 |       |       ||     2
       Confused          |       |       |     5 |     1 ||     6
  Eat: Chunk             |     2 |     7 |    14 |     3 ||    26
Armor: Robe              |    17 |    21 |    26 |    11 ||    75
Dodge: Dodged            |    74 |    55 |    66 |    29 ||   224
